 Dungeon Crawl Stone Soup version 0.26-b1-57-gb162d0664a (webtiles) character file.

Game seed: 3422819131380217709

1559 Froggeryz the Basher (level 8, -3/68 HPs)
             Began as a Minotaur Berserker on Jan 8, 2021.
             Was an Elder of Trog.
             Slain by a gnoll sergeant
             ... wielding a +0 spear of freezing
              (9 damage)
             ... on level 5 of the Dungeon.
             The game lasted 00:04:22 (5961 turns).

Froggeryz the Basher (Minotaur Berserker)           Turns: 5961, Time: 00:04:23

Health: -3/68      AC: 10    Str: 23    XL:     8   Next: 58%
Magic:  7/7        EV: 11    Int:  7    God:    Trog [****..]
Gold:   365        SH:  0    Dex: 10    Spells: 7/7 levels left

rFire    . . .     SeeInvis .   v - +0 flail
rCold    . . .     Faith    .   (no shield)
rNeg     . . .     Spirit   .   A - +0 scale mail
rPois    .         Reflect  .   (helmet restricted)
rElec    +         Harm     .   z - +1 cloak
rCorr    .         Rampage  .   k - +0 pair of gloves
Will     .....                  (no boots)
Stlth    ..........             (no amulet)
HPRegen  0.21/turn              (no ring)
MPRegen  0.10/turn              (no ring)

@: lethally poisoned (-3 -> -58), about to teleport, berserk cooldown, slowed,
very slow
A: retaliatory headbutt, horns 2, clever 1, electricity resistance, wild magic
1, sturdy frame 1
a: Renounce Religion, Berserk, Trog's Hand, Brothers in Arms


You were on level 5 of the Dungeon.
You worshipped Trog.
Trog was greatly pleased with you.
You visited 1 branch of the dungeon, and saw 5 of its levels.

You collected 365 gold pieces.

Inventory:

Hand Weapons
 v - a +0 flail (weapon)
Missiles
 r - 8 javelins
Armour
 k - a +0 pair of gloves (worn)
 z - a +1 cloak (worn)
 A - a +0 scale mail (worn)
Jewellery
 l - an uncursed ring of ice
Wands
 a - a wand of paralysis (4)
 y - a wand of polymorph (3)
Scrolls
 d - 4 scrolls of remove curse
 e - 2 scrolls of teleportation
 h - a scroll of noise
 j - 2 scrolls of immolation {unknown}
 o - 2 scrolls of fear
 p - 3 scrolls of identify
Potions
 b - 3 potions of might {unknown}
 c - a potion of cancellation {unknown}
 f - a potion of mutation
 g - 2 potions of berserk rage {unknown}
 i - 3 potions of heal wounds
 n - 4 potions of attraction {unknown}
 q - a potion of lignification {unknown}
 s - a potion of degeneration {unknown}
 t - 7 potions of curing {unknown}
 u - 2 potions of flight {unknown}
 w - 2 potions of invisibility {unknown}
 x - 2 potions of haste {unknown}


   Skills:
 + Level 5.3 Fighting
 * Level 12.0 Maces & Flails
 + Level 4.4 Armour
 - Level 2.1 Dodging


You had 7 spell levels left.
You didn't know any spells.
Your spell library was empty.

Dungeon Overview and Level Annotations

Branches:
Dungeon (5/15)             Temple (0/1) D:5

Altars:
Ashenzari
Cheibriados
Elyvilon
Gozag
Wu Jian
Zin
The Shining One

Shops:
D:4 (

Annotations:
D:5 1 transporter, lasso's ghost, novice OpBr


Innate Abilities, Weirdness & Mutations

You reflexively headbutt those who attack you in melee.
You have a pair of horns on your head.
Your mind is acute. (Int +2)
You are resistant to electric shocks. (rElec)
Your spells are a little harder to cast, but a little more powerful.
Your movements are slightly less encumbered by armour. (ER -2)


Message History

The gnoll sergeant is lightly wounded.
* * * LOW HITPOINT WARNING * * *
You feel very sick. The gnoll hits you but does no damage.
You are more poisoned.
The gnoll sergeant hits you from afar with a +0 spear of freezing.
* * * LOW HITPOINT WARNING * * *
The gnoll sergeant freezes you.
* * * LOW HITPOINT WARNING * * *
The gnoll sergeant barely misses you.
Okay, then.
As you read the scroll of teleportation, it crumbles to dust.
You feel strangely unstable.
* * * LOW HITPOINT WARNING * * *
You feel very sick.
The gnoll hits you from afar with a +2 spear of venom.
* * * LOW HITPOINT WARNING * * *
You are more poisoned.
The gnoll sergeant hits you from afar with a +0 spear of freezing!
You die...

#..≈≈#.#.#.###.©.###(#.#g#≈≈....>
##.≈≈#gg.###g#####.###...#≈≈..###
#.≈≈###....gg.........###≈≈..#
#.≈≈.8#.##'###'######.#8.≈≈..#
##.≈≈.##.#...#).8#...#.##.≈≈.##
...≈≈.#..'....)©)#:..'..#.≈≈.#
#..≈≈.##.#...#).8#g..#.##.≈≈.####
##.≈≈.8#.##'###)######.#8.≈≈..#.#
#.≈≈###.......)@gg....###≈≈.....
#.≈≈#...###.#####g###...#≈≈.....
#.≈≈#.#.#.###.©.###.#.#.#≈≈.##.#
#.≈≈#####...........#####≈≈....#
##.≈≈≈≈≈≈≈≈≈≈≈...≈≈≈≈≈≈≈≈≈≈≈.####
#..≈≈≈≈≈≈≈≈≈≈≈...≈≈≈≈≈≈≈≈≈≈≈.#
#............................#
#..###########################
#.##


You could see 2 gnoll sergeants and a gnoll.

Vanquished Creatures
  3 ice beasts (D:5)
  An ogre (D:4)
  A centaur (D:5)
  A gnoll sergeant (D:5)
  Blork the orc (D:4)
  A scorpion (D:4)
  3 killer bees (D:5)
  A howler monkey (D:4)
  3 orc priests (D:3)
  3 hounds
  A gnoll shaman (D:5)
  Crazy Yiuf (D:3)
  Jessica (D:3)
  Ijyb (D:3)
  An iguana (D:4)
  2 orc wizards
  3 worker ants (D:4)
  6 gnolls (D:5)
  18 adders
  A shadow imp (D:4)
  An ufetubus (D:4)
  An adder zombie (D:5)
  4 worms
  2 leopard geckos
  12 orcs
  8 bats
  6 giant cockroaches
  5 goblins
  6 hobgoblins
  14 kobolds
  2 quokkas (D:4)
  2 ball pythons (D:4)
  3 frilled lizards
  A leopard gecko zombie (D:5)
  7 rats
127 creatures vanquished.

Vanquished Creatures (others)
  A fungus (D:3)
  7 plants
8 creatures vanquished.

Grand Total: 135 creatures vanquished

Notes
Turn   | Place    | Note
-------+----------+-------------------------------------------
     0 | D:1      | Froggeryz the Minotaur Berserker began the quest for the
                  | Orb.
     0 | D:1      | Reached XP level 1. HP: 19/19 MP: 0/0
   272 | D:1      | Reached skill level 4 in Maces & Flails
   424 | D:1      | Reached XP level 2. HP: 26/26 MP: 1/1
  1095 | D:2      | Reached skill level 5 in Maces & Flails
  1095 | D:2      | Reached XP level 3. HP: 29/31 MP: 2/2
  1584 | D:2      | Reached ** piety under Trog
  1743 | D:2      | Reached skill level 6 in Maces & Flails
  1743 | D:2      | Reached XP level 4. HP: 38/39 MP: 3/3
  1849 | D:2      | Found an ornate altar of the Wu Jian Council.
  2118 | D:3      | Found an opulent altar of Gozag.
  2492 | D:3      | Reached skill level 7 in Maces & Flails
  2492 | D:3      | Reached XP level 5. HP: 45/45 MP: 4/4
  2850 | D:3      | Noticed Ijyb
  2857 | D:3      | Paralysed by Ijyb for 3 turns
  2860 | D:3      | Killed Ijyb
  2861 | D:3      | Reached skill level 8 in Maces & Flails
  3087 | D:3      | Reached XP level 6. HP: 51/51 MP: 5/5
  3248 | D:3      | Noticed Jessica
  3256 | D:3      | Killed Jessica
  3519 | D:3      | Found a runed translucent door.
  3520 | D:3      | Noticed Crazy Yiuf
  3525 | D:3      | Killed Crazy Yiuf
  3683 | D:4      | Reached skill level 9 in Maces & Flails
  3778 | D:4      | Gained mutation: You are resistant to electric shocks.
                  | (rElec) [potion of mutation]
  3778 | D:4      | Gained mutation: Your movements are slightly less
                  | encumbered by armour. (ER -2) [potion of mutation]
  3778 | D:4      | Gained mutation: You do not regenerate when monsters are
                  | visible. [potion of mutation]
  3778 | D:4      | Gained mutation: You are strong-willed. (Will+) [potion of
                  | mutation]
  3780 | D:4      | Lost mutation: You do not regenerate when monsters are
                  | visible. [potion of mutation]
  3780 | D:4      | Lost mutation: You are strong-willed. (Will+) [potion of
                  | mutation]
  3780 | D:4      | Gained mutation: Your spells are a little harder to cast,
                  | but a little more powerful. [potion of mutation]
  3780 | D:4      | Gained mutation: Your mind is acute. (Int +2) [potion of
                  | mutation]
  3921 | D:4      | Noticed Blork the orc
  3932 | D:4      | Killed Blork the orc
  3932 | D:4      | Reached *** piety under Trog
  3935 | D:4      | Reached XP level 7. HP: 57/57 MP: 6/6
  4035 | D:4      | Reached skill level 10 in Maces & Flails
  4467 | D:4      | Found Dusywn's Antique Weapon Emporium.
  4538 | D:4      | Found a glowing silver altar of Zin.
  4539 | D:4      | Found a snail-covered altar of Cheibriados.
  4539 | D:4      | Found a broken altar of Ashenzari.
  4958 | D:5      | Entered Level 5 of the Dungeon
  4968 | D:5      | Reached skill level 11 in Maces & Flails
  5073 | D:5      | Reached XP level 8. HP: 59/66 MP: 7/7
  5227 | D:5      | Found a staircase to the Ecumenical Temple.
  5269 | D:5      | Found a transporter.
  5273 | D:5      | Noticed lasso's ghost (novice OpBr)
  5339 | D:5      | Found a transporter.
  5483 | D:5      | Found a white marble altar of Elyvilon.
  5675 | D:5      | Reached skill level 5 in Fighting
  5866 | D:5      | Found a glowing golden altar of the Shining One.
  5952 | D:5      | Reached **** piety under Trog
  5957 | D:5      | Reached skill level 12 in Maces & Flails
  5961 | D:5      | Slain by a gnoll sergeant

Illustrated notes

Levels and vault maps discovered:
D:1:      amcnicky_arrival_double_pillar, layout_loops_cross
D:2:      minmay_wonky_spiral, layout_basic, general_overflow_altar,
          serial_forest, infiniplex_forest_clump_double,
          infiniplex_forest_end_1, infiniplex_forest_end_1,
          infiniplex_forest_end_double, infiniplex_forest_clump_curved,
          infiniplex_forest_lined_3
D:3:      layout_loops_corners, grunt_gozag_breadcrumbs, uniq_ijyb,
          uniq_jessica, uniq_crazy_yiuf_cottage
D:4:      layout_rooms, gammafunk_temple_overflow_claw, serial_shops,
          kennysheep_little_box, minmay_snake_closets, uniq_blork_the_orc
D:5:      layout_loops_ring, elyvilon_altar_1, tso_altar,
          minmay_temple_entry_ruins, gammafunk_ghost_gnarly_gnolls,
          minmay_small_thing

Skill      XL: |  1  2  3  4  5  6  7  8 |
---------------+-------------------------+-----
Maces & Flails | 4 5 6 7 8 9 11 12 | 12.0
Fighting       | 4 5 |  5.3
Armour         | 3 4 |  4.4
Dodging        | |  2.1

Action                   |  1- 3 |  4- 6 |  7- 9 || total
-------------------------+-------+-------+-------++-------
Melee: Mace              |    71 |    28 |       ||    99
       Headbutt          |    11 |    20 |    33 ||    64
       Flail             |       |    89 |   160 ||   249
Invok: Berserk           |       |     3 |     1 ||     4
  Use: Scroll            |     3 |     6 |     1 ||    10
       Potion            |       |     2 |       ||     2
 Stab: Sleeping          |     1 |       |       ||     1
Armor: Animal skin       |     8 |       |       ||     8
       Ring mail         |    12 |    42 |    55 ||   109
       Scale mail        |       |       |    12 ||    12
Dodge: Dodged            |    48 |    68 |   113 ||   229
